 Dungeon Crawl Stone Soup version 0.22.0-6-g71bd7aa (webtiles) character file.

343 Faca the Skirmisher (level 6, -2/53 HPs)
             Began as a Gnoll Wanderer on Aug 15, 2018.
             Killed by divine providence
             ... invoked by an orc priest
              (10 damage)
             ... on level 4 of the Dungeon.
             The game lasted 00:09:56 (3098 turns).

Faca the Skirmisher (Gnoll Wanderer)                Turns: 3098, Time: 00:09:56

Health: -2/53      AC: 13    Str: 15    XL:     6   Next: 57%
Magic:  9/9        EV:  5    Int: 17    God:
Gold:   136        SH:  9    Dex: 15    Spells: 9/9 levels left

rFire    . . .     SeeInvis +   g - +0 mace
rCold    . . .     Gourm    .   a - +0 shield
rNeg     . . .     Faith    .   t - +0 chain mail
rPois    .         Spirit   .   h - +0 helmet
rElec    .         Reflect  .   (no cloak)
rCorr    .         Harm     .   r - +0 pair of gloves
MR       .....                  j - +0 pair of boots
Stlth    ..........             (no amulet)
HPRegen  0.17/turn              p - +2 ring of intelligence
MPRegen  0.11/turn              u - ring of see invisible

@: no status effects
A: distributed training, fangs 1, strong nose
a: no special abilities


You were on level 4 of the Dungeon.
You were not hungry.

You visited 1 branch of the dungeon, and saw 4 of its levels.

You collected 136 gold pieces.

Inventory:

Hand Weapons
 g - a +0 mace (weapon)
Missiles
 e - 4 arrows
 q - 37 poisoned needles
 s - 8 needles of sleeping
 x - 32 bolts
Armour
 a - a +0 shield (worn)
 h - a +0 helmet (worn)
 j - a +0 pair of boots (worn)
 o - a +0 plate armour
 r - a +0 pair of gloves (worn)
 t - a +0 chain mail (worn)
Jewellery
 p - a +2 ring of intelligence (left hand)
 u - a ring of see invisible (right hand)
Scrolls
 d - 3 scrolls of blinking {unknown}
 l - 3 scrolls of enchant armour {unknown}
 m - a scroll of random uselessness {unknown}
 v - 3 scrolls of identify {unknown}
 w - 2 scrolls of teleportation {unknown}
Potions
 b - a potion of might {unknown}
 c - a potion of degeneration {unknown}
 i - a potion of agility {unknown}
 k - a potion of haste
 n - a potion of cancellation {unknown}
Comestibles
 f - 7 rations


   Skills:
 + Level 6.8 Fighting
 + Level 2.0 Short Blades
 + Level 2.0 Long Blades
 + Level 2.0 Axes
 + Level 3.2 Maces & Flails
 + Level 2.0 Polearms
 + Level 2.0 Staves
 + Level 2.0 Slings
 + Level 5.0 Bows
 + Level 2.0 Crossbows
 + Level 2.0 Throwing
 + Level 5.0 Armour
 + Level 2.0 Dodging
 + Level 2.0 Stealth
 + Level 5.0 Shields
 + Level 2.0 Unarmed Combat
 + Level 2.0 Spellcasting
 + Level 1.5 Conjurations
 + Level 1.5 Hexes
 + Level 1.5 Charms
 + Level 1.5 Summonings
 + Level 1.5 Necromancy
 + Level 1.5 Translocations
 + Level 1.5 Transmutations
 + Level 1.5 Fire Magic
 + Level 1.5 Ice Magic
 + Level 1.5 Air Magic
 + Level 1.5 Earth Magic
 + Level 1.5 Poison Magic
 + Level 2.2 Invocations
 + Level 2.0 Evocations


You had 9 spell levels left.
You didn't know any spells.
Your spell library was empty.

Dungeon Overview and Level Annotations

Branches:
Dungeon (4/15)
 Temple: D:4-7

Altars:
Okawaru
Qazlal
Ru
Trog
Uskayaw
Yredelemnul


Innate Abilities, Weirdness & Mutations

Your experience applies equally to all skills.
You have very sharp teeth.
Your uncanny sense of smell can sniff out nearby items.


Message History

Your shield and chain mail prevent you from hitting the orc priest.
Your bite misses the orc priest.
The orc priest is lightly wounded.
The orc wizard hits you with a dagger.
* * * LOW HITPOINT WARNING * * *
The orc priest casts a cantrip, but nothing happens.
The orc priest hits you but does no damage.
The orc wizard hits you with a dagger.
* * * LOW HITPOINT WARNING * * *
You hit the orc priest. Your bite misses the orc priest.
The orc priest is moderately wounded.
The orc priest hits you with a morningstar.
* * * LOW HITPOINT WARNING * * *
The orc priest hits you but does no damage.
You block the orc wizard's attack.
You sock the orc priest!
The orc priest is severely wounded.
The orc priest mumbles some strange prayers to Beogh against you.
Beogh smites you!
You die...

#.# #.# #.## #..#
#..# #..### #####
###..).#####....#
#..........oo...##
##.####....@o....#
#.# ########....#
#.# ..# #.# . #.#
.## #.# ..## #.#
#..# #.# #..# #.#
#..#


You could see 2 orc priests and an orc wizard.

Vanquished Creatures
  A scorpion (D:4)
  2 hounds
  A worker ant (D:3)
  4 gnolls
  A howler monkey skeleton (D:4)
  5 adders
  2 oozes
  2 worms
  6 dart slugs
  A leopard gecko (D:1)
  7 orcs
  6 ball pythons
  2 giant cockroaches (D:2)
  8 goblins
  8 hobgoblins
  6 kobolds
  2 quokkas
  12 bats
  5 frilled lizards
  A leopard gecko skeleton (D:4)
  A quokka skeleton (D:4)
  5 rats
88 creatures vanquished.

Notes
Turn   | Place    | Note
-------+----------+-------------------------------------------
     0 | D:1      | Faca the Gnoll Wanderer began the quest for the Orb.
     0 | D:1      | Faca set off with: a +0 shield, a +0 shortbow, 23 arrows, a +0 ring mail, a +0 dagger, a ration
     0 | D:1      | Reached XP level 1. HP: 23/23 MP: 1/1
    11 | D:1      | Found an iron altar of Okawaru.
   144 | D:1      | Reached XP level 2. HP: 29/29 MP: 2/2
   346 | D:1      | Reached XP level 3. HP: 32/35 MP: 3/3
   838 | D:2      | Found a stormy altar of Qazlal.
   865 | D:2      | Found a basalt altar of Yredelemnul.
   874 | D:2      | Reached skill level 1 in Invocations
   888 | D:2      | Found a bloodstained altar of Trog.
   922 | D:2      | Found an iron altar of Okawaru.
  1065 | D:2      | Found a hide-covered altar of Uskayaw.
  1065 | D:2      | Found a sacrificial altar of Ru.
  1206 | D:2      | Reached skill level 1 in Short Blades
  1206 | D:2      | Reached skill level 1 in Long Blades
  1206 | D:2      | Reached skill level 1 in Axes
  1206 | D:2      | Reached skill level 1 in Polearms
  1206 | D:2      | Reached skill level 1 in Staves
  1206 | D:2      | Reached skill level 1 in Slings
  1206 | D:2      | Reached skill level 1 in Crossbows
  1206 | D:2      | Reached skill level 1 in Throwing
  1206 | D:2      | Reached skill level 1 in Dodging
  1206 | D:2      | Reached skill level 1 in Stealth
  1206 | D:2      | Reached skill level 1 in Unarmed Combat
  1206 | D:2      | Reached skill level 1 in Spellcasting
  1206 | D:2      | Reached skill level 1 in Evocations
  1340 | D:2      | Reached XP level 4. HP: 38/41 MP: 5/5
  1816 | D:3      | Reached skill level 1 in Conjurations
  1816 | D:3      | Reached skill level 1 in Hexes
  1816 | D:3      | Reached skill level 1 in Charms
  1816 | D:3      | Reached skill level 1 in Summonings
  1816 | D:3      | Reached skill level 1 in Necromancy
  1816 | D:3      | Reached skill level 1 in Translocations
  1816 | D:3      | Reached skill level 1 in Transmutations
  1816 | D:3      | Reached skill level 1 in Fire Magic
  1816 | D:3      | Reached skill level 1 in Ice Magic
  1816 | D:3      | Reached skill level 1 in Air Magic
  1816 | D:3      | Reached skill level 1 in Earth Magic
  1816 | D:3      | Reached skill level 1 in Poison Magic
  2017 | D:3      | Reached XP level 5. HP: 47/47 MP: 6/6
  2301 | D:3      | Reached XP level 6. HP: 12/53 MP: 8/8
  2820 | D:4      | Reached skill level 5 in Bows
  2820 | D:4      | Reached skill level 5 in Armour
  2820 | D:4      | Reached skill level 5 in Shields
  3098 | D:4      | Killed from afar by an orc priest

Skill      XL: |  1  2  3  4  5  6 |
---------------+-------------------+-----
Invocations    | 1 2 |  2.2
Short Blades   | 1 2 |  2.0
Long Blades    | 1 2 |  2.0
Axes           | 1 2 |  2.0
Polearms       | 1 2 |  2.0
Staves         | 1 2 |  2.0
Slings         | 1 2 |  2.0
Crossbows      | 1 2 |  2.0
Throwing       | 1 2 |  2.0
Dodging        | 1 2 |  2.0
Stealth        | 1 2 |  2.0
Unarmed Combat | 1 2 |  2.0
Spellcasting   | 1 2 |  2.0
Evocations     | 1 2 |  2.0
Conjurations   | 1 |  1.5
Hexes          | 1 |  1.5
Charms         | 1 |  1.5
Summonings     | 1 |  1.5
Necromancy     | 1 |  1.5
Translocations | 1 |  1.5
Transmutations | 1 |  1.5
Fire Magic     | 1 |  1.5
Ice Magic      | 1 |  1.5
Air Magic      | 1 |  1.5
Earth Magic    | 1 |  1.5
Poison Magic   | 1 |  1.5
Maces & Flails | 3 |  3.2
Bows           | 5 |  5.0
Armour         | 5 |  5.0
Shields        | 5 |  5.0
Fighting       | |  6.8

Action                   |  1- 3 |  4- 6 || total
-------------------------+-------+-------++-------
Melee: Dagger            |    10 |       ||    10
       Mace              |   138 |   254 ||   392
       Bite              |    17 |    24 ||    41
  Use: Scroll            |     1 |       ||     1
       Potion            |       |     5 ||     5
  Eat: Chunk             |     2 |     1 ||     3
       Ration            |       |     2 ||     2
Armor: Ring mail         |    49 |       ||    49
       Chain mail        |    17 |   188 ||   205
Dodge: Dodged            |    49 |    63 ||   112
Block: Shield            |    96 |   144 ||   240
